Map: Last Impact

Players

A.I. 7 (Medium)

  • Race: Protoss Protoss
  • Spawn Location: 5:00

A.I. 6 (Hard)

  • Race: Protoss Protoss
  • Spawn Location: 5:00

A.I. 5 (Hard)

  • Race: Protoss Protoss
  • Spawn Location: 5:00

A.I. 4 (Hard)

  • Race: Terran Terran
  • Spawn Location: 5:00

FroGGe - Winner!

  • Race: Zerg Zerg
  • Spawn Location: 7:00

mivmus - Winner!

  • Race: Protoss Protoss
  • Spawn Location: 7:00

larsgj - Winner!

  • Race: Terran Terran
  • Spawn Location: 7:00

wasp - Winner!

  • Race: Protoss Protoss
  • Spawn Location: 7:00

VOD

Have the link to the VOD?

Description

Time

  • Played on: July 9, 2020, 2:35 p.m.
  • Length: 26:36
Show
View Real Time Build Order
Export as new Build Order

A.I. 7 (Medium) Protoss 

Build Orders:  

Get SALT Encoding   

  12  0:01  Probe  
  13  0:13  Probe  
  14  0:22  Pylon  
  14  0:25  Probe  
  15  0:36  Probe  
  16  0:44  Probe  
  16  0:49  Assimilator  
  17  0:53  Probe, Gateway  
  18  1:03  Pylon  
  18  1:31  Gateway  
  18  1:37  Assimilator  
  18  1:41  Cybernetics Core  
  18  1:42  Zealot  
  20  2:00  Zealot  
  20  2:07  Warp Gate  
  20  2:13  Pylon  
  22  2:21  Stalker  
  24  2:37  Stalker  
  24  2:38  Probe  
  27  2:50  Probe  
  28  2:53  Stalker  
  30  3:02  Probe  
  30  3:04  Pylon  
  31  3:10  Stalker  
  33  3:14  Probe  
  33  3:15  Forge  
  34  3:27  Probe  
  35  3:39  Probe  
  36  5:33  Probe  
  36  5:35  Sentry  
  38  5:41  Pylon  
  39  5:45  Photon Cannon  
  39  5:47  Photon Cannon  
  39  5:49  Adept  
  41  5:52  Stargate  
  41  5:55  Twilight Council  
  41  5:59  Probe, Gateway  
  41  6:02  Stalker  
  44  6:09  Forge  
  44  6:12  Robotics Facility  
  44  6:16  Pylon, Sentry  
  42  6:30  Adept  
  36  6:36  Nexus  
  36  6:44  Stalker  
  38  6:57  Stalker  
  40  7:02  Observer  
  41  7:11  Stalker  
  43  7:17  Observer  
  43  7:25  Zealot  
  46  7:38  Zealot  
  48  7:49  Probe  
  49  7:52  Probe, Stalker  
  52  8:01  Probe  
  52  8:02  Assimilator  
  52  8:04  Probe, Pylon  
  54  8:06  Pylon  
  54  8:09  Assimilator  
  54  8:13  Probe  
  54  8:16  Probe  
  56  8:24  Probe  
  56  8:25  Probe  
  57  8:29  Photon Cannon  
  57  8:32  Photon Cannon  
  58  8:35  Probe  
  58  8:37  Probe  
  60  8:44  Probe  
  61  8:49  Probe  
  61  8:52  Probe  
  62  9:00  Probe  
  62  9:01  Probe  
  65  9:13  Probe  
  65  9:14  Probe  
  67  9:24  Probe  
  67  9:25  Probe  
  69  9:38  Probe  
  70  9:51  Protoss Ground Weapons Level 1  
  70  9:58  Immortal  
  74  10:17  Zealot  
  74  10:18  Gateway  
  74  10:20  Protoss Ground Armor Level 1  
  76  10:27  Pylon  
  76  10:33  Dark Shrine  
  76  10:37  Warp Prism, Robotics Facility  
  76  10:40  Stargate  
  68  10:57  Zealot  
  58  11:06  Zealot  
  60  11:13  Warp Prism  
  60  11:14  Adept  
  64  11:23  Sentry  
  64  11:25  Observer  
  67  11:32  Stalker  
  69  11:41  Stalker  
  71  11:47  Nexus  
  71  11:50  Stalker  
  73  11:58  Immortal  
  77  12:59  Probe  
  78  13:06  Probe x2  
  78  13:09  Probe  
  80  13:14  Stalker  
  80  13:16  Probe  
  80  13:18  Probe, Assimilator  
  54  13:20  Probe  
  54  13:24  Stalker, Assimilator  
  57  13:28  Probe  
  57  13:30  Probe  
  57  13:31  Zealot  
  57  13:32  Probe  
  55  13:36  Protoss Ground Weapons Level 2  
  55  13:40  Probe, Zealot  
  53  13:43  Probe  
  53  13:44  Probe  
  53  13:45  Protoss Air Weapons Level 1  
  53  13:46  Protoss Ground Armor Level 2  
  48  13:48  Zealot  
  48  13:52  Probe  
  46  13:55  Probe  
  46  13:57  Adept  
  45  14:05  Sentry  
  42  14:11  Probe  
  42  14:12  Zealot  
  45  14:19  Zealot  
  43  14:25  Probe  
  43  14:27  Zealot  
  43  14:30  Probe  
  45  14:32  Observer  
  45  14:33  Probe  
  45  14:34  Zealot  
  45  14:38  Probe  
  50  14:41  Zealot  
  50  14:42  Probe  
  53  14:48  Zealot  
  53  14:50  Probe  
  53  14:51  Probe  
  55  14:54  Probe  
  55  14:56  Immortal  
  57  15:01  Immortal  
  57  15:02  Probe  
  57  15:03  Zealot  
  57  15:05  Probe  
  61  15:08  Probe  
  67  15:14  Probe  
  67  15:20  Probe  
  67  15:21  Probe  
  71  15:24  Void Ray  
  71  15:26  Probe, Zealot  
  72  15:29  Immortal  
  74  15:42  Zealot  
  74  15:50  Zealot  
  74  15:55  Pylon  
  75  15:57  Zealot  
  75  16:04  Void Ray  
  77  16:12  Protoss Ground Weapons Level 3  
  64  16:45  Pylon  
  64  16:57  Pylon  
  64  17:00  Void Ray  
  60  17:12  Zealot  
  54  17:18  Fleet Beacon  
  54  17:20  Zealot  
  54  17:27  Pylon  
  54  17:31  Immortal  
  58  17:39  Immortal  
  62  17:50  Probe  
  67  17:51  Void Ray  
  67  17:53  Probe, Zealot  
  68  18:00  Cybernetics Core, Zealot  
  68  18:02  Probe  
  67  18:14  Pylon  
  67  18:17  Probe  
  67  18:18  Probe  
  67  18:28  Probe  
  67  18:30  Probe  
  73  18:34  Void Ray  
  73  18:38  Stalker  
  75  18:45  Protoss Air Armor Level 1  
  75  18:46  Pylon, Stalker  
  75  18:55  Dark Shrine  
  75  19:10  Zealot  
  77  19:18  Sentry  
  79  19:30  Sentry  
  81  19:36  Nexus  
  81  19:38  Stalker  
  87  19:55  Void Ray  
  87  19:57  Stalker  
  89  20:03  Pylon  
  81  20:18  Templar Archives  
  81  20:20  Stalker  
  83  20:28  Immortal  
  79  20:29  Gateway  
  71  20:38  Stargate  
  71  20:41  Forge  
  73  20:42  Void Ray  
  73  20:45  Stalker  
  73  20:49  Probe  
  72  20:51  Robotics Bay  
  72  20:56  Pylon  
  68  21:01  Protoss Shields Level 1, Immortal  
  68  21:03  Probe  
  67  21:25  Void Ray  
  67  21:31  Pylon  
  63  21:36  Immortal  
  66  22:03  Pylon  
  70  22:08  Warp Prism, Void Ray  
  70  22:21  Probe  
  70  22:22  Gateway  
  73  22:24  Probe  
  73  22:25  Robotics Bay  
  73  22:28  Pylon  
  74  22:38  Probe  
  74  22:39  Probe  
  74  22:41  Warp Prism  
  76  22:45  Phoenix, Forge  
  76  22:47  Probe  
  81  22:53  Pylon  
  81  22:59  Photon Cannon  
  81  23:05  Photon Cannon  
  81  23:10  Phoenix, Gateway  
  83  23:15  Gateway  
  83  23:16  Zealot  
  83  23:18  Observer  
  85  23:20  Tempest  
  85  23:21  Pylon, Gravitic Boosters  
  85  23:24  Cybernetics Core  
  85  23:40  Disruptor  
  87  23:50  Zealot  
  69  24:01  Void Ray  
  64  24:03  Assimilator  
  64  24:07  Zealot  
  64  24:09  Gateway  
  68  24:16  Stargate, Immortal  
  63  24:20  Robotics Facility  
  57  24:24  Twilight Council  
  57  24:26  Nexus  
  55  24:34  Void Ray  
  51  24:42  Adept  
  51  24:44  Fleet Beacon  
  57  24:50  Adept  
  47  24:57  Zealot  
  28  25:05  Probe  
  28  25:06  Immortal  
  18  25:12  Phoenix  
  19  25:17  Probe  
  19  25:19  Dark Templar  
  22  25:29  Probe  
  23  25:40  Probe  
  23  25:41  Probe  
  16  25:48  Zealot  
  17  25:50  Probe  
  17  25:53  Probe  
  17  25:56  Nexus  
  19  26:00  Probe  
  23  26:05  Probe  
  23  26:06  Dark Templar  
  23  26:15  Probe  
Show
View Real Time Build Order
Export as new Build Order

A.I. 6 (Hard) Protoss 

Build Orders:  

Get SALT Encoding   

  12  0:01  Probe  
  13  0:13  Probe  
  14  0:21  Pylon  
  14  0:25  Probe  
  15  0:35  Probe  
  16  0:43  Probe  
  16  0:48  Assimilator  
  17  0:52  Gateway  
  17  0:53  Probe  
  18  1:01  Probe  
  18  1:03  Pylon  
  19  1:22  Probe  
  20  1:40  Zealot  
  20  1:44  Cybernetics Core  
  20  1:46  Gateway  
  22  1:49  Assimilator  
  22  2:02  Pylon  
  22  2:16  Zealot  
  24  2:23  Warp Gate  
  24  2:33  Adept  
  26  2:41  Pylon  
  26  2:44  Adept  
  28  2:55  Stalker  
  30  3:14  Adept  
  32  3:22  Probe  
  32  3:23  Adept  
  32  3:26  Pylon  
  35  3:34  Probe  
  36  3:44  Adept  
  36  3:45  Forge  
  36  3:46  Probe  
  39  3:50  Adept  
  41  3:58  Probe  
  42  4:10  Probe  
  43  4:21  Adept  
  43  4:22  Probe  
  46  4:33  Stalker  
  48  5:59  Stalker  
  48  6:02  Gateway  
  50  6:06  Pylon  
  50  6:07  Protoss Ground Weapons Level 1  
  50  6:09  Nexus, Photon Cannon, Sentry  
  52  6:14  Photon Cannon  
  52  6:20  Stalker  
  52  6:21  Robotics Facility  
  52  6:24  Forge  
  54  6:26  Stargate  
  54  6:31  Pylon  
  54  6:32  Stalker  
  56  6:42  Sentry  
  56  6:43  Twilight Council  
  58  6:54  Protoss Ground Armor Level 1  
  58  6:55  Stalker  
  60  7:01  Pylon  
  60  7:05  Sentry  
  62  7:11  Blink, Observer  
  63  7:16  Stalker  
  65  7:24  Probe  
  65  7:26  Probe  
  67  7:32  Observer  
  67  7:33  Assimilator  
  67  7:36  Probe  
  69  7:38  Probe  
  69  7:41  Pylon  
  70  7:44  Pylon  
  70  7:48  Probe  
  70  7:50  Probe  
  72  8:00  Probe  
  72  8:02  Probe  
  74  8:06  Photon Cannon  
  74  8:12  Probe  
  75  8:14  Probe  
  76  8:20  Probe  
  76  8:26  Probe  
  78  8:28  Probe  
  79  8:36  Probe  
  79  8:38  Probe  
  81  8:49  Probe  
  81  8:50  Probe  
  81  8:54  Assimilator  
  83  9:01  Probe  
  84  9:18  Probe  
  84  9:19  Probe  
  86  9:29  Stalker  
  62  9:39  Stalker  
  52  9:49  Zealot  
  54  9:59  Sentry  
  56  10:09  Stalker  
  58  10:16  Warp Prism  
  58  10:19  Adept  
  62  10:32  Adept  
  64  10:41  Pylon  
  64  10:45  Stalker  
  64  10:47  Nexus  
  66  10:52  Observer  
  67  10:58  Zealot  
  69  11:08  Oracle  
  69  11:09  Warp Prism  
  74  11:38  Warp Prism  
  74  11:43  Void Ray  
  74  11:47  Protoss Air Weapons Level 1  
  80  12:02  Probe  
  80  12:04  Probe  
  80  12:05  Probe  
  83  12:14  Probe  
  83  12:15  Assimilator  
  84  12:16  Probe  
  84  12:18  Probe, Void Ray  
  90  12:26  Probe, Assimilator  
  90  12:28  Probe  
  92  12:30  Probe  
  93  12:38  Probe  
  93  12:39  Probe  
  93  12:41  Probe  
  96  12:47  Probe  
  96  12:50  Probe  
  98  12:53  Phoenix  
  98  12:55  Protoss Shields Level 1  
  100  13:08  Probe  
  100  13:15  Probe  
  100  13:18  Void Ray  
  100  13:23  Stalker  
  100  13:24  Probe  
  100  13:26  Zealot  
  104  13:30  Pylon, Stalker  
  104  13:33  Probe  
  104  13:35  Immortal  
  105  13:46  Zealot  
  105  13:47  Probe  
  103  13:50  Stalker  
  103  13:51  Probe  
  103  13:52  Probe  
  103  13:53  Zealot, Robotics Bay  
  103  13:55  Protoss Air Armor Level 1  
  105  14:02  Pylon  
  105  14:05  Fleet Beacon  
  105  14:07  Zealot  
  107  14:10  Stalker  
  107  14:14  Gateway, Observer  
  108  14:17  Stalker  
  108  14:20  Robotics Facility  
  108  14:22  Stargate  
  94  14:26  Zealot  
  94  14:27  Void Ray  
  94  14:30  Pylon, Stalker  
  84  14:34  Immortal  
  78  14:40  Stalker  
  74  14:47  Zealot  
  75  14:53  Zealot  
  75  14:59  Pylon, Zealot  
  79  15:03  Probe  
  79  15:05  Probe  
  85  15:07  Immortal  
  85  15:10  Void Ray  
  93  15:18  Zealot  
  93  15:19  Void Ray  
  79  15:22  Zealot  
  79  15:27  Disruptor, Zealot  
  79  15:36  Zealot  
  79  15:37  Pylon  
  79  15:40  Zealot  
  78  15:44  Zealot  
  78  15:48  Zealot  
  69  15:56  Immortal  
  72  15:58  Void Ray  
  72  16:03  Zealot  
  78  16:05  Void Ray  
  78  16:07  Zealot  
  80  16:11  Nexus, Zealot  
  80  16:16  Gateway  
  80  16:23  Stalker  
  80  16:27  Pylon  
  80  16:28  Stalker  
  76  16:46  Assimilator  
  72  16:55  Cybernetics Core  
  72  16:57  Nexus  
  70  17:10  Zealot  
  53  17:18  Zealot  
  45  17:26  Pylon  
  45  17:27  Zealot  
  41  17:33  Stalker  
  39  17:39  Stargate  
  39  17:41  Probe, Zealot  
  30  17:45  Probe  
  31  17:51  Stalker  
  31  17:53  Probe  
  31  17:57  Probe  
  34  18:05  Probe x2  
  35  18:19  Stalker  
  36  18:24  Probe  
  37  18:35  Stalker  
  39  18:46  Stalker  
  39  19:35  Probe  
  39  19:44  Probe  
  41  19:54  Stalker  
  41  19:55  Nexus  
  43  20:02  Zealot  
  41  20:18  Stalker  
  39  20:22  Zealot  
  29  20:53  Stalker  
  31  21:01  Stalker  
  31  21:03  Nexus  
  33  21:06  Probe  
  31  22:08  Zealot  
  33  22:10  Probe  
  33  22:14  Probe  
  35  22:19  Nexus  
  35  22:20  Probe  
  36  22:25  Probe  
  36  22:28  Probe  
  37  22:33  Probe  
  39  22:39  Probe  
  39  22:41  Probe  
  40  22:51  Probe  
  42  23:00  Zealot  
  44  23:08  Void Ray  
  20  24:29  Probe  
  20  24:35  Probe  
  21  24:39  Probe  
  22  24:47  Probe  
  18  24:53  Probe  
  18  24:59  Probe  
  14  25:05  Probe  
  9  25:23  Probe  
  7  25:32  Probe  
  7  25:40  Probe  
  8  25:44  Nexus  
  9  25:50  Probe  
  9  26:02  Probe  
  10  26:14  Probe  
Show
View Real Time Build Order
Export as new Build Order

A.I. 5 (Hard) Protoss 

Build Orders:  

Get SALT Encoding   

  12  0:01  Probe  
  13  0:13  Probe  
  14  0:21  Pylon  
  14  0:25  Probe  
  15  0:35  Probe  
  16  0:44  Probe  
  16  0:49  Assimilator  
  17  0:53  Probe, Gateway  
  18  1:01  Probe  
  18  1:02  Pylon  
  19  1:23  Probe  
  20  1:41  Zealot  
  20  1:42  Cybernetics Core  
  20  1:44  Gateway  
  22  1:49  Assimilator  
  22  2:07  Pylon  
  22  2:13  Adept  
  24  2:26  Warp Gate  
  24  2:32  Zealot  
  26  2:45  Stalker  
  28  2:53  Pylon, Stalker  
  30  3:15  Stalker  
  30  3:18  Probe  
  33  3:24  Pylon, Stalker  
  35  3:30  Probe  
  36  3:42  Probe  
  36  3:45  Adept  
  39  3:49  Forge  
  39  3:54  Probe, Stalker  
  42  4:06  Probe  
  43  4:19  Probe  
  43  4:22  Stalker  
  46  4:36  Probe  
  46  6:07  Protoss Ground Weapons Level 1  
  46  6:09  Sentry  
  48  6:11  Gateway  
  48  6:16  Robotics Facility  
  48  6:17  Nexus  
  48  6:19  Adept  
  48  6:21  Pylon  
  48  6:23  Twilight Council  
  50  6:26  Photon Cannon  
  50  6:28  Adept  
  50  6:29  Photon Cannon  
  52  6:32  Forge  
  52  6:38  Stargate  
  52  6:39  Sentry  
  54  6:40  Blink  
  54  7:03  Observer  
  55  7:12  Protoss Ground Armor Level 1  
  55  7:24  Observer  
  57  7:30  Probe  
  57  7:31  Probe  
  58  7:37  Assimilator  
  58  7:38  Pylon  
  58  7:41  Pylon  
  58  7:42  Probe  
  58  7:43  Probe, Assimilator  
  60  7:54  Probe  
  60  7:55  Probe  
  62  8:03  Photon Cannon  
  62  8:06  Probe, Photon Cannon  
  62  8:07  Probe  
  64  8:18  Probe  
  64  8:19  Probe  
  66  8:30  Probe  
  66  8:32  Probe  
  68  8:42  Probe  
  68  8:44  Probe  
  70  8:54  Probe  
  71  8:56  Probe  
  72  9:04  Stalker x2  
  72  9:06  Probe  
  72  9:08  Probe  
  74  9:18  Probe  
  75  9:40  Adept  
  65  9:50  Zealot  
  55  9:59  Sentry  
  53  10:03  Observer  
  53  10:08  Stalker  
  55  10:18  Stalker  
  57  10:27  Zealot  
  59  10:28  Warp Prism  
  59  10:33  Gateway  
  59  10:35  Protoss Ground Weapons Level 2  
  61  10:37  Robotics Facility  
  61  10:39  Stalker  
  63  10:43  Pylon  
  63  10:44  Protoss Ground Armor Level 2  
  63  10:50  Stargate  
  63  10:51  Stalker  
  65  11:02  Adept  
  67  11:04  Warp Prism  
  69  11:12  Pylon  
  69  11:13  Nexus  
  69  11:14  Adept, Protoss Air Weapons Level 1  
  71  11:23  Observer  
  72  11:35  Templar Archives  
  72  11:40  Warp Prism, Fleet Beacon  
  72  11:43  Robotics Bay  
  68  12:08  Stalker  
  56  12:20  Stalker  
  58  12:26  Probe  
  58  12:27  Probe  
  58  12:29  Probe  
  61  12:31  Zealot  
  61  12:36  Probe  
  63  12:38  Probe  
  63  12:41  Probe  
  63  12:43  Sentry  
  68  12:49  Probe  
  68  12:50  Probe  
  69  12:52  Assimilator  
  69  12:54  Pylon  
  69  12:55  Probe, Colossus  
  69  12:57  Pylon  
  77  12:59  Dark Shrine  
  77  13:01  Probe  
  77  13:02  Probe, Assimilator  
  79  13:07  Protoss Shields Level 1, Probe  
  79  13:09  High Templar  
  79  13:12  Zealot  
  77  13:13  Probe  
  77  13:14  Probe  
  77  13:17  Zealot  
  77  13:19  Probe  
  80  13:20  Photon Cannon  
  80  13:23  Protoss Air Armor Level 1  
  80  13:25  Probe, Immortal  
  80  13:26  Probe  
  84  13:28  Zealot  
  84  13:33  Void Ray, Stalker  
  84  13:34  Pylon  
  84  13:41  Zealot  
  84  13:46  Zealot  
  74  13:49  Stalker  
  75  13:56  Zealot  
  75  13:57  Robotics Facility  
  68  14:04  Stargate, Immortal  
  68  14:06  Stalker  
  71  14:10  Zealot  
  71  14:14  Zealot  
  72  14:17  Zealot  
  78  14:27  Void Ray  
  78  14:31  Stalker  
  80  14:32  Templar Archives  
  80  14:34  Robotics Bay  
  80  14:38  Sentry  
  82  14:43  Immortal  
  84  14:47  Stalker  
  86  14:56  Fleet Beacon  
  84  15:05  Zealot  
  76  15:11  Stalker  
  72  15:16  Sentry  
  72  15:21  Zealot  
  72  15:27  Stalker  
  72  15:33  Stalker  
  72  15:39  Disruptor  
  69  15:45  Zealot  
  65  15:50  Stalker  
  65  15:55  Sentry  
  69  16:00  Stalker  
  69  16:02  Assimilator  
  69  16:05  Disruptor  
  69  16:11  Sentry  
  74  16:16  Immortal  
  78  16:21  Sentry  
  78  16:27  Adept  
  80  16:32  Zealot  
  80  16:35  Immortal  
  82  16:46  Tempest  
  95  16:47  Void Ray  
  95  16:48  Disruptor  
  95  16:52  Sentry  
  88  17:03  Stalker  
  88  17:07  Stalker  
  76  17:10  Disruptor  
  79  17:17  Stalker  
  79  17:20  Nexus  
  77  17:26  Immortal  
  79  17:30  Zealot, Void Ray  
  79  17:35  Zealot  
  83  17:41  Stalker  
  85  17:46  Stalker  
  87  17:51  Stalker  
  87  17:57  Sentry  
  89  18:04  Zealot  
  86  18:10  Zealot  
  73  18:16  Disruptor  
  73  18:17  Disruptor  
  70  18:22  Stalker  
  64  18:34  Zealot  
  63  18:39  Zealot  
  64  18:45  Stalker  
  64  18:51  Sentry  
  64  18:53  Carrier  
  66  18:57  Zealot  
  68  19:06  Assimilator  
  68  19:09  Stalker  
  76  19:11  Assimilator  
  76  19:15  Stalker  
  78  19:20  Stalker  
  80  19:27  Stalker  
  82  19:33  Stalker  
  84  19:39  Sentry  
  86  19:45  Sentry  
  86  19:51  Zealot, Void Ray  
  85  19:59  Zealot  
  91  20:09  Adept, Void Ray  
  93  20:15  Sentry  
  93  20:18  Probe  
  93  20:20  Probe  
  93  20:21  Disruptor  
  100  20:22  Probe  
  100  20:27  Sentry  
  99  20:34  Stalker  
  82  20:43  Void Ray, Stalker  
  88  20:50  Immortal  
  88  20:53  Stalker, Void Ray  
  94  21:05  Stalker  
  94  21:09  Immortal  
  100  21:13  Stalker  
  100  21:17  Stalker  
  102  21:18  Immortal  
  102  21:21  Stalker  
  104  21:30  Stalker  
  110  21:35  Stalker  
  95  21:40  Zealot  
  95  21:44  Disruptor, Sentry  
  93  21:53  Zealot  
  98  21:59  Adept  
  98  22:00  Observer  
  100  22:01  Probe  
  100  22:02  Sentry  
  100  22:03  Probe  
  100  22:05  Probe  
  100  22:06  Probe  
  100  22:07  Zealot  
  108  22:11  Zealot  
  108  22:13  Probe  
  111  22:15  Probe  
  111  22:17  Probe  
  111  22:19  Zealot  
  111  22:20  Probe  
  111  22:22  Protoss Shields Level 2  
  116  22:25  Probe  
  116  22:27  Gravitic Boosters  
  117  22:37  Protoss Ground Weapons Level 3  
  115  23:14  Nexus  
  115  23:16  Zealot  
  76  23:20  Zealot  
  76  23:24  Gravitic Drive, Stalker  
  72  23:27  Stalker  
  72  23:31  Sentry  
  76  23:41  Immortal  
  78  23:44  Zealot  
  78  23:48  Zealot  
  81  23:52  Zealot  
  82  23:55  Stalker  
  83  24:02  Stalker  
  83  24:04  Immortal  
  83  24:06  Stalker  
  86  24:12  Sentry  
  91  24:19  Adept  
  96  24:24  Void Ray  
  96  24:26  Stalker  
  96  24:30  Adept  
  96  24:41  Void Ray  
  84  24:52  Tempest  
  84  25:05  Nexus  
  89  25:33  Void Ray  
Show
View Real Time Build Order
Export as new Build Order

A.I. 4 (Hard) Terran 

Build Orders:  

Get SALT Encoding   

  12  0:01  SCV  
  13  0:13  SCV  
  14  0:19  Supply Depot  
  14  0:25  SCV  
  15  0:41  SCV  
  16  0:46  Barracks  
  16  0:50  Refinery  
  16  0:53  SCV  
  17  1:05  SCV  
  18  1:18  SCV  
  19  1:21  Supply Depot  
  19  1:30  SCV  
  20  1:33  Marine  
  21  1:42  Barracks, Orbital Command  
  21  1:51  Refinery  
  21  1:52  Barracks Tech Lab  
  21  2:09  Supply Depot  
  21  2:10  Marine  
  22  2:28  Marine  
  22  2:29  Marine  
  24  2:41  Supply Depot  
  24  2:46  Marauder  
  24  2:47  Marine  
  27  2:55  SCV  
  28  3:05  Marine  
  29  3:07  Marine, SCV  
  29  3:11  Engineering Bay  
  31  3:19  SCV  
  32  3:22  Marine  
  32  3:25  Marine  
  34  3:29  Supply Depot  
  34  3:31  SCV  
  35  3:40  Marine  
  36  3:43  Marauder  
  36  3:44  SCV  
  39  3:56  SCV  
  39  3:58  Marine  
  41  4:04  Marauder  
  43  4:41  SCV  
  43  4:57  Barracks Tech Lab  
  43  4:59  Reaper, Factory  
  44  5:00  Stimpack  
  44  5:01  Terran Infantry Weapons Level 1  
  44  5:03  Factory  
  44  5:13  Missile Turret  
  44  5:15  Combat Shield  
  44  5:21  Marauder  
  46  5:25  Missile Turret  
  46  5:32  Marauder  
  46  5:34  Supply Depot  
  48  5:42  Marauder  
  50  5:46  Bunker  
  50  5:47  Factory Tech Lab  
  50  5:48  Factory Tech Lab  
  47  5:52  Command Center  
  47  5:53  Reaper  
  48  6:04  Marauder  
  50  6:34  Concussive Shells  
  50  6:55  Terran Infantry Armor Level 1  
  50  7:05  SCV  
  50  7:06  SCV  
  52  7:11  Starport  
  52  7:17  SCV  
  52  7:18  SCV  
  52  7:21  Refinery  
  54  7:24  Starport  
  54  7:28  Barracks  
  54  7:29  SCV  
  55  7:30  SCV  
  55  7:31  Sensor Tower  
  55  7:33  Refinery  
  56  7:41  Armory, SCV  
  56  7:43  SCV  
  58  7:49  Starport Tech Lab  
  58  7:53  SCV  
  58  7:55  SCV  
  60  7:59  Starport Tech Lab  
  60  8:05  SCV  
  61  8:07  SCV  
  64  8:15  Barracks Reactor  
  64  8:17  SCV  
  64  8:18  Raven  
  64  8:19  SCV  
  68  8:26  Raven  
  68  8:29  SCV  
  68  8:31  SCV  
  70  8:35  Supply Depot  
  70  8:41  SCV  
  70  8:43  SCV  
  72  8:50  Widow Mine  
  72  8:52  Medivac  
  72  8:54  SCV  
  77  8:56  Marine  
  77  8:58  Supply Depot  
  77  9:00  Medivac  
  77  9:01  Marine  
  81  9:06  Siege Tank  
  84  9:20  Widow Mine  
  84  9:22  Supply Depot  
  88  9:27  Engineering Bay  
  88  9:29  Terran Infantry Weapons Level 2  
  88  9:30  Medivac  
  90  9:31  Raven  
  90  9:43  Thor  
  90  9:44  Command Center  
  96  9:50  Supply Depot  
  96  9:52  Terran Infantry Armor Level 2  
  95  9:55  Terran Vehicle Weapons Level 1  
  95  9:59  Marauder  
  88  10:04  Marauder  
  76  10:08  Marine  
  76  10:12  Marine  
  76  10:20  Marine  
  77  10:25  Marauder  
  77  10:26  Marine  
  82  10:30  Marine  
  82  10:31  Raven  
  83  10:38  Marine  
  84  10:43  Marine  
  84  10:48  Marine x2  
  84  10:49  Ghost Academy  
  87  10:56  Marine  
  88  10:58  SCV  
  88  11:00  SCV  
  88  11:01  SCV  
  91  11:06  Marauder  
  91  11:10  SCV  
  94  11:12  SCV  
  94  11:13  SCV  
  94  11:15  Refinery  
  96  11:21  Missile Turret  
  96  11:22  SCV  
  96  11:24  SCV  
  98  11:26  SCV  
  98  11:30  Missile Turret  
  99  11:34  SCV  
  99  11:36  Fusion Core  
  99  11:37  SCV  
  99  11:38  SCV  
  102  11:42  Armory  
  102  11:45  Refinery  
  102  11:46  SCV  
  103  11:49  SCV, Terran Ship Weapons Level 1  
  103  11:51  SCV  
  105  11:54  Bunker  
  105  12:27  Widow Mine  
  95  12:30  Terran Vehicle And Ship Armor Level 1  
  95  12:31  Marine  
  95  12:34  Marine  
  95  12:36  Raven, Supply Depot  
  73  12:37  Raven, Marine  
  73  12:40  Marine  
  70  12:48  Marine  
  70  12:52  Marine  
  70  12:53  SCV  
  70  12:55  Marine  
  70  12:58  Marine, Siege Tank  
  74  13:04  Siege Tank  
  80  13:06  Marine  
  80  13:10  Marine, Medivac, SCV  
  86  13:12  Marine  
  86  13:15  Marine  
  85  13:20  Raven, SCV  
  85  13:24  Marine  
  86  13:27  Marine  
  86  13:30  Marine  
  86  13:33  SCV, Supply Depot  
  88  13:34  Marauder  
  88  13:35  SCV, Cyclone  
  88  13:36  SCV  
  88  13:40  Medivac  
  94  13:42  Marine  
  94  13:45  Marine, SCV  
  94  13:46  Hellion  
  94  13:47  SCV  
  94  13:48  Marine, SCV  
  96  13:54  Medivac  
  96  13:55  Marine  
  100  13:57  SCV, Supply Depot  
  100  14:00  Marine  
  102  14:03  Marine  
  102  14:05  Terran Infantry Armor Level 3  
  102  14:06  Marauder  
  102  14:07  Hellion  
  102  14:09  SCV  
  104  14:13  Marauder  
  90  14:19  SCV  
  90  14:22  Hellion, SCV  
  90  14:24  Medivac  
  86  14:27  Marine  
  86  14:30  Hellion  
  81  14:35  Marine  
  81  14:37  SCV  
  80  14:40  SCV  
  80  14:43  Hellion  
  80  14:45  Marine  
  76  14:47  SCV  
  76  14:50  SCV  
  76  14:51  Hellion  
  76  14:52  SCV  
  72  14:53  Marine  
  55  15:03  Marine  
  55  15:05  Hellion  
  56  15:11  Marine  
  56  15:12  Hellion  
  46  15:21  Starport, Marauder  
  44  15:23  Command Center  
  44  15:26  Siege Tank  
  47  15:29  Marine  
  47  15:33  Siege Tank, Supply Depot  
  49  15:42  Marine  
  45  15:47  Marauder  
  47  15:58  Hellion, Medivac  
  47  16:00  Marine  
  47  16:01  Supply Depot  
  51  16:06  Hellion  
  51  16:08  Marauder  
  52  16:14  Starport  
  52  16:18  Marine  
  46  16:19  Hellion  
  45  16:28  Viking  
  45  16:29  Marine  
  49  16:34  Command Center  
  47  16:41  Hellion  
  47  16:42  Refinery  
  44  16:48  Marauder  
  44  16:50  Viking  
  44  16:51  SCV  
  45  16:54  SCV  
  45  16:58  Viking  
  48  17:02  Siege Tank  
  48  17:07  SCV  
  50  17:09  Marauder  
  50  17:15  SCV  
  48  17:16  Refinery  
  48  17:20  Barracks, Viking  
  48  17:22  Supply Depot  
  46  17:25  SCV  
  46  17:29  Starport Tech Lab  
  47  17:30  Marauder  
  47  17:31  SCV  
  47  17:34  Hellion  
  47  17:39  SCV  
  47  17:43  SCV  
  48  17:45  SCV  
  48  17:48  SCV  
  48  17:50  Viking  
  51  17:52  Factory  
  51  17:53  SCV  
  51  17:55  Marine, SCV  
  51  17:56  Hellion  
  52  18:02  SCV  
  52  18:04  SCV  
  48  18:06  SCV  
  48  18:07  Barracks Tech Lab  
  48  18:09  SCV  
  47  18:13  Marauder  
  47  18:14  SCV  
  47  18:16  SCV  
  46  18:20  SCV  
  46  18:21  Starport Tech Lab, Siege Tank  
  46  18:22  SCV  
  46  18:26  Marine, SCV  
  50  18:32  SCV x2  
  48  18:34  Marine  
  48  18:38  Starport  
  48  18:39  Viking  
  48  18:40  Factory Tech Lab  
  50  18:44  Marine  
  51  18:52  Marine  
  51  18:53  Hellion  
  54  19:00  Siege Tank  
  54  19:01  Marine  
  58  19:10  Marine  
  58  19:14  Medivac, Siege Tank  
  65  19:19  Marine  
  65  19:21  Raven  
  66  19:27  Armory  
  69  19:44  Starport Tech Lab  
  69  19:49  Marine  
  70  19:52  Marine  
  73  20:02  Viking  
  73  20:03  Raven  
  59  20:11  Marauder  
  45  20:20  Factory  
  44  20:23  Supply Depot  
  37  20:36  Marine  
  37  20:37  Banshee  
  32  20:49  Factory  
  30  20:54  Marine  
  30  20:55  SCV  
  32  21:08  SCV  
  32  21:10  SCV  
  34  21:13  Marauder  
  33  21:20  SCV, Viking  
  33  21:22  SCV  
  35  21:32  SCV  
  36  21:34  SCV, Factory Tech Lab  
  36  21:37  Marine  
  38  21:43  Barracks  
  38  21:47  Factory  
  38  21:53  Siege Tank  
  41  22:00  Marine  
  43  22:10  SCV  
  44  22:17  Raven  
  44  22:18  Marine  
  45  22:25  Siege Tank  
  48  22:38  Orbital Command, Command Center  
  48  22:44  Starport  
  48  22:45  Factory Tech Lab, Barracks Tech Lab  
  48  22:48  Supply Depot  
  48  22:51  Armory  
  48  23:10  Marine  
  49  23:13  Marine  
  44  23:20  Starport Tech Lab, Supply Depot  
  34  23:28  Marauder  
  34  23:30  Marine  
  34  23:32  Viking  
  38  23:38  Thor  
  43  23:48  Marine  
  43  23:49  Marine, Viking  
  29  24:40  SCV  
  29  24:48  SCV  
  30  24:53  SCV  
  30  25:02  SCV  
  31  25:07  SCV  
  31  25:14  SCV  
  33  25:19  SCV  
  34  25:25  Marine  
  34  25:26  SCV  
  34  25:28  Refinery  
  34  25:31  SCV  
  11  25:55  SCV  
  6  26:15  SCV  
Show
View Real Time Build Order
Export as new Build Order

FroGGe Zerg - Winner!

Build Orders: Pool First 

Get SALT Encoding   

  12  0:02  Drone  
  13  0:25  Spawning Pool  
  13  0:27  Drone  
  13  0:36  Overlord  
  13  0:46  Drone  
  14  0:52  Overlord  
  14  0:58  Drone  
  15  1:10  Extractor  
  14  1:13  Drone  
  14  1:14  Drone  
  16  1:20  Queen  
  16  1:25  Drone  
  19  1:50  Drone x2  
  21  2:06  Extractor  
  20  2:17  Hatchery  
  19  2:26  Lair  
  19  2:29  Drone x3  
  22  2:45  Drone  
  23  3:14  Evolution Chamber  
  22  3:20  Evolution Chamber  
  21  3:28  Drone x5  
  21  3:32  Queen  
  28  3:45  Hydralisk Den  
  28  3:48  Zerg Missile Weapons Level 1  
  27  3:56  Zerg Ground Armor Level 1  
  27  4:06  Extractor  
  27  4:10  Extractor, Drone x3  
  28  4:20  Drone x5  
  28  4:21  Drone  
  34  4:53  Hydralisk  
  34  4:56  Overlord x2  
  34  4:57  Overlord x3  
  36  5:15  Overlord  
  36  5:47  Infestation Pit  
  35  5:56  Hydralisk x3  
  35  5:57  Hydralisk x6  
  37  5:58  Hydralisk  
  55  6:16  Drone  
  56  6:44  Zerg Missile Weapons Level 2  
  56  6:50  Muscular Augments  
  54  6:54  Zerg Ground Armor Level 2  
  52  7:05  Hydralisk x2  
  52  7:06  Hydralisk x4  
  64  7:22  Drone  
  65  7:23  Drone x6  
  71  7:30  Drone  
  71  7:33  Drone  
  73  8:02  Grooved Spines  
  73  8:05  Hatchery  
  73  8:07  Drone x6  
  73  8:08  Drone x3  
  81  8:20  Extractor  
  80  8:27  Hydralisk x2, Extractor  
  80  8:31  Overlord  
  83  9:00  Zerg Melee Weapons Level 1  
  83  9:03  Queen  
  85  9:23  Hive  
  67  10:02  Hydralisk x5  
  67  10:03  Hydralisk x4  
  83  10:55  Hatchery  
  78  11:07  Hydralisk x4  
  78  11:08  Hydralisk x6  
  98  11:44  Overlord x4  
  98  11:45  Overlord x6  
  98  11:46  Overlord x4  
  98  11:56  Zerg Missile Weapons Level 3  
  98  11:59  Zerg Ground Armor Level 3  
  98  12:23  Queen  
  98  12:28  Hydralisk x3  
  98  12:29  Hydralisk x5  
  112  12:30  Hydralisk x4  
  124  13:28  Hydralisk  
  124  13:29  Hydralisk x6  
  124  13:30  Hydralisk x5  
  128  14:32  Hydralisk x4  
  128  14:33  Hydralisk x6, Zerg Melee Weapons Level 2  
  128  14:34  Hydralisk x2  
  138  15:49  Hydralisk x4  
  138  15:50  Hydralisk x5  
  138  15:51  Hydralisk x3  
  66  18:02  Hydralisk x4  
  66  18:03  Hydralisk x6  
  66  18:04  Hydralisk x6  
  66  18:05  Hydralisk x6  
  102  18:06  Hydralisk x2  
  104  18:36  Hydralisk x2  
  104  18:37  Hydralisk x6  
  116  19:55  Hatchery  
  109  20:15  Hatchery  
  108  20:36  Hydralisk x2  
  108  20:37  Hydralisk x6  
  108  20:38  Hydralisk x4  
  94  21:48  Hydralisk x5  
  94  21:49  Hydralisk x5  
  94  21:50  Hydralisk x2  
  116  21:58  Extractor  
  115  22:03  Extractor  
  114  22:17  Extractor  
  114  22:18  Extractor  
  112  22:43  Queen  
  114  22:45  Queen  
  116  22:54  Hydralisk x2  
  116  22:55  Hydralisk x6  
  116  22:56  Hydralisk x6  
  116  22:57  Hydralisk x4  
  152  23:13  Ultralisk Cavern  
  133  24:09  Ultralisk x5  
  161  24:56  Ultralisk x3  
Show
View Real Time Build Order
Export as new Build Order

mivmus Protoss - Winner!

Build Orders:  

Get SALT Encoding   

  12  0:32  Assimilator  
  12  0:42  Assimilator  
  12  0:43  Probe  
  13  0:55  Probe  
  14  1:07  Probe  
  15  1:35  Pylon  
  15  1:43  Pylon  
  15  1:53  Probe, Pylon  
  16  2:05  Probe  
  17  2:17  Probe  
  18  2:29  Probe  
  19  2:32  Gateway  
  19  2:41  Probe  
  20  3:25  Zealot  
  22  3:52  Zealot  
  24  4:20  Zealot  
  26  4:30  Cybernetics Core  
  26  4:43  Pylon  
  26  4:47  Zealot  
  28  5:14  Zealot  
  30  5:41  Zealot  
  32  5:43  Shield Battery  
  34  6:11  Sentry  
  34  6:38  Sentry  
  38  7:04  Sentry  
  38  7:27  Adept  
  38  7:29  Shield Battery  
  40  7:57  Adept  
  42  8:27  Adept  
  42  8:30  Stargate  
  44  8:36  Robotics Facility  
  44  8:57  Zealot  
  46  9:40  Zealot  
  44  10:04  Void Ray  
  40  10:07  Zealot  
  42  10:32  Immortal  
  46  10:54  Pylon  
  46  11:03  Void Ray  
  46  11:12  Zealot  
  48  11:23  Immortal  
  52  11:40  Phoenix  
  54  14:34  Pylon  
  54  14:42  Pylon  
  58  14:57  Void Ray  
  58  15:04  Pylon  
  62  15:40  Void Ray  
  62  15:54  Zealot  
  64  16:11  Immortal  
  72  16:21  Zealot  
  72  16:23  Void Ray  
  74  16:48  Zealot  
  76  17:15  Zealot  
  78  17:40  Immortal  
  78  17:42  Zealot  
  78  17:46  Void Ray  
  76  18:19  Immortal  
  76  18:43  Void Ray  
  57  18:58  Immortal  
  61  19:26  Void Ray  
  61  19:38  Immortal  
  65  19:57  Fleet Beacon  
  69  20:08  Void Ray  
  69  20:19  Zealot  
  71  20:32  Immortal  
  79  20:51  Void Ray  
  79  21:53  Pylon  
  79  22:11  Immortal  
  87  22:17  Void Ray  
  87  23:15  Pylon  
  87  23:33  Immortal, Zealot  
  93  24:00  Zealot  
  95  24:33  Zealot  
Show
View Real Time Build Order
Export as new Build Order

larsgj Terran - Winner!

Build Orders:  

Get SALT Encoding   

  12  0:01  SCV  
  13  0:13  SCV  
  14  0:23  Supply Depot  
  14  0:48  Barracks  
  14  0:52  SCV  
  14  0:56  Refinery  
  15  1:04  SCV  
  15  1:06  Refinery  
  16  1:16  SCV  
  17  1:28  SCV  
  17  1:30  Supply Depot  
  18  1:36  Marine  
  19  1:40  SCV  
  20  1:52  SCV  
  21  1:54  Marine  
  21  1:56  Supply Depot  
  22  2:05  SCV  
  22  2:07  Engineering Bay  
  23  2:13  Engineering Bay  
  23  2:17  SCV  
  24  2:29  SCV  
  25  2:41  SCV  
  25  2:43  Terran Infantry Weapons Level 1  
  26  2:45  Terran Infantry Armor Level 1  
  26  2:59  Factory  
  26  3:10  Supply Depot  
  26  3:16  Barracks Tech Lab  
  26  3:33  Supply Depot x2  
  26  3:36  Marine  
  27  3:51  Armory  
  27  3:54  Marine  
  28  3:55  Starport  
  28  4:06  Supply Depot  
  28  4:12  Marine  
  29  4:20  Barracks  
  29  4:30  Marine  
  30  4:38  Starport Tech Lab  
  30  4:42  Supply Depot  
  30  4:48  SCV, Marine  
  32  5:00  SCV  
  33  5:07  Barracks  
  33  5:21  Command Center  
  33  5:31  Terran Infantry Weapons Level 2  
  33  5:41  Medivac  
  35  6:00  Barracks Reactor x2  
  35  6:09  Marine  
  36  6:24  Starport  
  36  6:26  Marine  
  37  6:33  Command Center  
  37  6:36  SCV  
  38  6:44  Marine  
  38  6:46  Marine  
  40  6:54  Orbital Command  
  40  7:02  Marine x2  
  40  7:03  Marine  
  43  7:13  Medivac  
  44  7:17  Medivac  
  46  7:33  Marine x2  
  48  7:43  Medivac  
  50  7:45  SCV  
  50  7:47  Medivac  
  50  7:51  SCV  
  54  7:56  Marine  
  54  7:57  SCV  
  56  8:03  SCV  
  57  8:07  Terran Infantry Armor Level 2  
  57  8:15  Starport Reactor  
  57  8:22  Supply Depot  
  57  8:38  Orbital Command  
  57  8:43  Orbital Command  
  57  8:45  Supply Depot  
  57  8:54  Refinery  
  57  8:57  Refinery  
  57  9:17  Marine  
  57  9:18  Marine x4  
  62  9:35  Marine x4  
  62  9:36  Marine  
  36  9:53  Marine x5  
  36  9:58  Medivac x3  
  47  10:03  Supply Depot  
  47  10:11  Marine x5  
  52  10:19  Terran Infantry Weapons Level 3  
  52  10:27  Supply Depot  
  52  10:28  Marine, Medivac  
  54  10:29  Marine x4  
  54  10:30  Terran Infantry Armor Level 3  
  59  10:36  Combat Shield  
  59  10:42  Terran Vehicle And Ship Armor Level 1  
  59  10:46  Marine  
  59  10:47  Marine x4  
  64  10:59  Supply Depot  
  64  11:04  Marine x3  
  64  11:05  Marine  
  64  11:07  Marine  
  69  11:21  Medivac x2  
  69  11:22  Marine x2, Medivac  
  77  11:28  Marine x2  
  77  11:29  Marine  
  80  12:02  Starport, Starport Tech Lab  
  80  12:13  Fusion Core  
  74  12:36  Terran Ship Weapons Level 1  
  63  13:45  Battlecruiser x2  
  75  13:51  Starport Tech Lab  
  74  14:04  Refinery  
  74  14:09  Refinery  
  69  14:49  Battlecruiser  
  75  14:55  Battlecruiser x2  
  80  15:54  Battlecruiser  
  86  16:07  SCV  
  87  16:18  Battlecruiser  
  87  16:19  Battlecruiser, SCV  
  97  16:31  SCV  
  95  16:44  SCV  
  87  16:56  SCV  
  87  16:58  Battlecruiser  
  100  17:37  Battlecruiser  
  100  17:47  SCV  
  101  17:59  SCV  
  102  18:10  Weapon Refit  
  102  18:11  SCV  
  103  18:22  Supply Depot  
  103  18:23  SCV  
  104  18:30  Terran Ship Weapons Level 2  
  104  18:35  SCV  
  105  18:42  Battlecruiser  
  111  18:58  Battlecruiser  
  105  20:45  Terran Vehicle And Ship Armor Level 2  
  105  20:58  Liberator  
  105  20:59  Battlecruiser x2  
  120  21:42  Battlecruiser  
  126  22:03  Battlecruiser x2  
  138  22:46  Battlecruiser  
  144  23:07  Battlecruiser  
  150  24:04  Battlecruiser x2  
  162  24:12  Battlecruiser  
Show
View Real Time Build Order
Export as new Build Order

wasp Protoss - Winner!

Build Orders:  

Get SALT Encoding   

  12  0:11  Assimilator  
  12  0:18  Assimilator  
  12  0:27  Pylon  
  12  0:42  Pylon  
  12  0:54  Forge  
  12  1:30  Pylon  
  12  2:14  Photon Cannon  
  12  2:16  Photon Cannon  
  12  2:21  Photon Cannon  
  12  2:25  Photon Cannon  
  12  2:45  Gateway  
  12  3:18  Photon Cannon  
  12  3:36  Cybernetics Core  
  12  3:37  Zealot  
  14  4:19  Stalker  
  16  4:49  Stalker  
  18  5:19  Stalker  
  20  5:56  Shield Battery  
  20  6:04  Photon Cannon  
  20  6:52  Probe  
  21  6:59  Warp Gate  
  21  7:04  Probe  
  22  7:09  Protoss Shields Level 1  
  22  7:16  Probe  
  23  7:28  Probe  
  24  7:34  Robotics Facility  
  24  7:40  Probe  
  25  8:04  Adept  
  27  8:27  Robotics Bay  
  27  8:34  Adept  
  29  9:17  Protoss Ground Weapons Level 1  
  29  9:55  Colossus  
  35  10:04  Pylon  
  31  10:08  Pylon  
  31  10:10  Pylon  
  31  10:15  Pylon  
  31  10:17  Pylon  
  31  10:23  Pylon  
  31  10:31  Pylon  
  31  10:43  Sentry  
  31  11:26  Protoss Ground Armor Level 1  
  31  11:37  Colossus  
  37  12:45  Colossus  
  43  13:01  Pylon  
  43  13:17  Pylon  
  43  13:38  Colossus  
  49  14:11  Stalker  
  51  15:17  Colossus  
  53  15:26  Zealot  
  37  16:11  Colossus  
  31  16:23  Zealot  
  29  20:48  Colossus  
  35  21:03  Robotics Facility  
  35  21:07  Robotics Facility  
  35  21:41  Colossus  
  41  22:09  Colossus  
  41  22:35  Colossus  
  47  23:03  Colossus  
  53  23:16  Colossus  
  59  23:29  Colossus  
  65  24:09  Disruptor  
  68  24:22  Colossus  
  74  25:16  Colossus  
Tags
 
Add a new tag
Caveats
  • Supply blocks, unpowered buildings, or Contaminate may cause inaccurate times.
  • Supply counts are checked every 10 seconds.